AoeStats
← _Orca_

Arena

506825330Analyzed
4v4 RM · 17d ago on Sep 15, 2026· 37m 14s· 8 players
Game mode
Random Map
Map size
Large (8 player)
Population
200
Speed
Normal
Resources
Standard
Victory
Conquest
Starting age
Dark Age
Ending age
Imperial Age
RankedLock teamsTeams togetherTeam positionsShared explorationLock speedFull tech treeHidden civsTurbo modeCheats
Victory
Defeat
🇧🇩 Japanese · Bangladesh
1302
+14
🇨🇳 Slavs · China
1297
+14
🇨🇳 Italians · China
1266
+16
🇨🇳 Wei · China
1257
+16
🇩🇪 Portuguese · Germany
1306
-16
🇹🇼 Magyars · Taiwan
1304
-17
🇨🇳 Italians · China
1228
-14
🇦🇹 Bengalis · Austria
1209
-13
icu monster
10:58 Feudal Age
15:17 Castle Age
13:01 Horse Collar
13:39 Double-Bit Axe
14:05 Gold Mining
16:52 Wheelbarrow
17:12 Bow Saw
19:37 Loom
21:09 Heavy Plow
21:03 Town Watch
24:48 Hand Cart
25:39 Scale Barding Armor
26:11 Bloodlines
27:17 Husbandry
29:37 Chain Barding Armor
29:50 Forging
35:52 Imperial Age
34:08 Iron Casting
35:04 Gold Shaft Mining
36:15 Capped Ram
_Orca_
11:11 Feudal Age
15:09 Castle Age
13:56 Double-Bit Axe
15:11 Horse Collar
19:55 Loom
21:29 Stone Mining
21:35 Gold Mining
24:10 Bow Saw
24:02 Heavy Plow
24:28 Scale Mail Armor
24:26 Town Watch
25:10 Forging
25:24 Squires
25:10 Arson
26:24 Chain Mail Armor
26:45 Iron Casting
27:35 Gold Shaft Mining
28:58 Wheelbarrow
34:33 Imperial Age
32:25 Fletching
33:27 Hand Cart
34:39 Elite Samurai
35:42 Conscription
35:57 Plate Mail Armor
打咩哟~
10:23 Feudal Age
14:14 Castle Age
13:07 Horse Collar
13:14 Double-Bit Axe
13:46 Stone Mining
18:35 Gold Mining
22:26 Fletching
25:20 Padded Archer Armor
26:03 Wheelbarrow
25:14 Loom
32:39 Leather Archer Armor
32:19 Bodkin Arrow
36:29 Imperial Age
34:15 Hand Cart
34:12 Bow Saw
33:49 Town Watch
38:45 Chemistry
买麻衣也用劵
11:48 Feudal Age
15:23 Castle Age
13:17 Double-Bit Axe
13:17 Horse Collar
16:36 Bow Saw
16:27 Heavy Plow
22:56 Wheelbarrow
22:50 Stone Mining
23:12 Gold Mining
25:23 Gold Shaft Mining
25:33 Hand Cart
27:45 Detinets
31:25 Imperial Age
29:38 Bloodlines
29:28 Husbandry
28:52 Pikeman
29:32 Squires
29:42 Scale Mail Armor
29:52 Forging
29:33 Man-at-Arms
31:07 Long Swordsman
31:33 Capped Ram
31:39 Halberdier
32:23 Two-Handed Swordsman
32:34 Siege Ram
33:40 Druzhina
34:01 Conscription
34:00 Chain Mail Armor
34:21 Iron Casting
33:27 Champion
34:26 Elite Boyar
35:15 Scale Barding Armor
37:26 Chain Barding Armor
38:07 Blast Furnace
37:38 Plate Mail Armor
37:50 Crop Rotation
green
8:02 Loom
10:27 Feudal Age
15:12 Castle Age
15:08 Horse Collar
15:16 Double-Bit Axe
19:24 Gold Mining
24:49 Imperial Age
22:59 Heavy Plow
23:05 Fletching
23:35 Bow Saw
托尼
10:22 Feudal Age
11:25 Double-Bit Axe
13:34 Horse Collar
15:55 Castle Age
16:49 Bow Saw
23:05 Gold Mining
23:10 Stone Mining
24:16 Wheelbarrow
23:27 Loom
29:08 Imperial Age
27:26 Scale Barding Armor
28:35 Chain Barding Armor
29:32 Fletching
29:44 Padded Archer Armor
30:05 Bodkin Arrow
31:07 Bloodlines
30:57 Husbandry
Mateescu12
10:18 Feudal Age
14:22 Castle Age
12:56 Double-Bit Axe
13:27 Horse Collar
16:30 Bow Saw
18:12 Loom
21:32 Wheelbarrow
21:11 Heavy Plow
23:31 Hand Cart
23:05 Town Watch
23:36 Gold Mining
24:52 Stone Mining
25:39 Gold Shaft Mining
25:13 Fletching
26:58 Town Patrol
27:13 Bodkin Arrow
27:18 Padded Archer Armor
28:32 Bloodlines
28:23 Husbandry
29:37 Leather Archer Armor
31:07 Ballistics
285066173
9:52 Feudal Age
14:11 Castle Age
12:54 Double-Bit Axe
13:37 Gold Mining
14:20 Horse Collar
24:15 Wheelbarrow
28:34 Imperial Age
26:17 Fletching
26:53 Ballistics
26:36 Padded Archer Armor
27:00 Bow Saw
27:50 Crossbowman
29:01 Thumb Ring
29:40 Conscription
30:22 Chemistry
29:45 Loom
34:47 Arbalester
Connection lost

Rejoining the realm…

Still unreachable

The connection could not be restored.

Session expired

The server has moved on; the page needs a fresh start.